 Dungeon Crawl Stone Soup version 0.27.1-3-gb3d3a73c9e (webtiles) character file.

Game seed: 14858770767969381692

159964 CuBeRJAN3 the Warrior (level 17, -8/170 HPs)
             Began as a Minotaur Fighter on Oct 6, 2021.
             Was a High Priest of Trog.
             Mangled by a seven-headed hydra (13 damage)
             ... called by a spriggan druid
             ... on level 4 of the Swamp.
             The game lasted 01:39:13 (26910 turns).

CuBeRJAN3 the Warrior (Minotaur Fighter)           Turns: 26910, Time: 01:39:13

Health: -8/170     AC: 28    Str: 30    XL:     17   Next: 17%
Magic:  16/16      EV:  8    Int:  5    God:    Trog [*****.]
Gold:   1510       SH: 16    Dex: 17    Spells: 16/16 levels left

rFire    . . .     SeeInvis .   B - +5 war axe (venom)
rCold    + . .     Faith    .   d - +1 kite shield {rPois}
rNeg     . . .     Spirit   .   j - +6 plate armour of Kyclepp {Harm Will+}
rPois    +         Reflect  .   (helmet restricted)
rElec    .         Harm     +   u - +1 cloak of Moqoatuc {Stlth+}
rCorr    .         Rampage  .   i - +0 pair of gloves
Will     ++++.     Rnd*Rage +   b - +0 pair of boots
Stlth    ..........             H - amulet of Eruekad {rF+ Regen+ Slay+2}
HPRegen  2.38/turn              T - +6 ring of dexterity
MPRegen  0.15/turn              V - ring "Kadd" {Ice Str+3}

@: strong-willed, regenerating
A: horns 2, retaliatory headbutt, berserk 1
a: Renounce Religion, Berserk, Trog's Hand, Brothers in Arms


You were on level 4 of the Swamp.
You worshipped Trog.
Trog was extremely pleased with you.
You visited 6 branches of the dungeon, and saw 29 of its levels.
You visited the Abyss 1 time.

You collected 2352 gold pieces.
You spent 842 gold pieces at shops.

Inventory:

Hand Weapons
 B - a +5 war axe of venom (weapon)
 E - a +2 vorpal hand axe
 F - a +2 war axe of electrocution
Missiles
 w - 6 throwing nets (quivered)
Armour
 b - a +0 pair of boots (worn)
 d - a +1 kite shield of poison resistance (worn)
 i - a +0 pair of gloves (worn)
 j - the +6 plate armour of Kyclepp (worn) {Harm Will+}
   (You bought it in a shop on level 2 of the Orcish Mines)

   Harm:      It increases damage dealt and taken.
   Will:      It increases your willpower.
 u - the +1 cloak of Moqoatuc (worn) {Stlth+}
   (You found it on level 4 of the Dungeon)

   Stlth:     It makes you more stealthy.
Jewellery
 q - a ring of protection from cold
 H - the amulet of Eruekad (around neck) {rF+ Regen+ Slay+2}
   (You found it on level 7 of the Dungeon)

   [amulet of regeneration]

   Slay:      It affects your accuracy & damage with ranged weapons and melee
   (+2).
   rF:        It protects you from fire.
   Regen:     It increases your rate of health regeneration.
 R - a +6 ring of dexterity
 T - a +6 ring of dexterity (left hand)
 V - the ring "Kadd" (right hand) {Ice Str+3}
   (You found it on level 3 of the Swamp)

   [ring of ice]

   It enhances your ice magic.
   Str:       It affects your strength (+3).
   rF:        It makes you vulnerable to fire.
   rC:        It protects you from cold.
 W - a ring of fire
Wands
 c - a wand of charming (11)
 y - a wand of flame (54)
 C - a wand of acid (20)
 G - a wand of paralysis (18)
 J - a wand of iceblast (22)
 S - a wand of mindburst (10)
 X - a wand of polymorph (15)
Scrolls
 e - a scroll of blinking
 g - a scroll of amnesia {unknown}
 k - 10 scrolls of teleportation
 l - 3 scrolls of summoning
 r - a scroll of magic mapping
 s - 8 scrolls of noise
 t - a scroll of acquirement {unknown}
 x - 2 scrolls of fog {unknown}
 z - 4 scrolls of identify
 A - 4 scrolls of fear
 D - 4 scrolls of holy word
 L - 8 scrolls of immolation
 P - a scroll of silence {unknown}
 Q - 2 scrolls of vulnerability {unknown}
Potions
 a - 2 potions of might
 f - 6 potions of brilliance
 h - a potion of ambrosia
 n - 3 potions of attraction
 o - 3 potions of haste
 p - 6 potions of flight
 v - 8 potions of curing
 I - 2 potions of degeneration
 K - 6 potions of lignification
 M - 3 potions of magic {unknown}
 O - 4 potions of cancellation
 U - 2 potions of berserk rage
 Y - a potion of mutation {unknown}
Miscellaneous
 m - a phial of floods
 N - a lightning rod (4/4)


   Skills:
 * Level 19.8 Fighting
 * Level 19.8 Axes
 + Level 14.9 Armour
 + Level 15.0 Shields
 - Level 7.1 Evocations


You had 16 spell levels left.
You didn't know any spells.
Your spell library was empty.

Dungeon Overview and Level Annotations

Branches:
Dungeon (15/15)            Temple (1/1) D:6            Lair (6/6) D:9
  Swamp (4/4) Lair:2        Snake (1/4) Lair:2        Slime (0/5) Lair:5
    Orc (2/2) D:12            Elf (0/3) Orc:2        Vaults (0/5) D:14
 Depths (0/5) D:15

Altars:
Ashenzari
Cheibriados
Dithmenos
Elyvilon
Fedhas
Hepliaklqana
Kikubaaqudgha
Makhleb
Nemelex Xobeh
Okawaru
Qazlal
Ru
Sif Muna
Trog
Uskayaw
Vehumet
Xom
Yredelemnul
Zin
The Shining One
Jiyva

Shops:
D:2 :*[(!   D:5 :   Orc:2 =[:[

Annotations:
D:3 2 transporters
D:5 exclusion: door, Sigmund
D:6 exclusion: upstairs
D:8 Maurice
D:9 3 runed translucent doors, exclusion: 3 doors
D:15 Roxanne
Lair:1 exclusion: door
Lair:2 2 transporters, Isuntao's ghost, journeyman TeAE


Innate Abilities, Weirdness & Mutations

You have a pair of horns on your head.
You reflexively headbutt those who attack you in melee.
You tend to lose your temper in combat.


Message History

You block the spriggan's attack. The eight-headed hydra bites you.
You block the eight-headed hydra's attack.
The eight-headed hydra bites you!
The eight-headed hydra bites you but does no damage.
The eight-headed hydra barely misses you.
The eight-headed hydra bites you!
You block the eight-headed hydra's attack. x2
Your skin crawls.
You feel strong-willed. You block the spriggan's attack.
The spriggan splashes around in the water.
The eight-headed hydra bites you!
* * * LOW HITPOINT WARNING * * *
You block the eight-headed hydra's attack.
The eight-headed hydra barely misses you.
The eight-headed hydra bites you but does no damage.
The eight-headed hydra bites you!!
* * * LOW HITPOINT WARNING * * *
The eight-headed hydra bites you.
* * * LOW HITPOINT WARNING * * *
The eight-headed hydra bites you but does no damage.
The eight-headed hydra bites you!
* * * LOW HITPOINT WARNING * * *
A seven-headed hydra comes into view.
Blink to where?
Press: ? - help, Dir - move target
As you read the scroll of blinking, it crumbles to dust.
You kill the spriggan!
Trog accepts your kill.
You hear a splash. x3
Okay, then.
Unknown command.
Okay, then.
Okay, then.
Okay, then.
Okay, then.
Okay, then.
The seven-headed hydra bites you but does no damage.
The seven-headed hydra bites you!
You die...

♣♣ ♣♣ ♣♣.♣♣.♣♣ ♣♣♣
♣≈.≈...♣♣♣≈♣♣ ♣.≈..[≈♣♣.≈.♣
♣≈≈≈..♣....♣ ♣♣♣♣
♣♣♣♣♣♣♣♣..≈..[.♣♣ ♣
♣♣..♣♣♣.≈...♣♣≈≈≈♣....♣♣♣.♣≈
♣.≈≈.≈.≈≈..@♣♣≈.))≈≈†≈♣♣.≈..
♣♣♣♣♣§≈≈≈......D....≈.§≈..≈.≈#
♣..≈.♣.≈≈≈≈≈≈≈≈≈.≈.♣≈≈≈...≈♣##
♣♣.≈≈..≈≈≈≈≈≈≈≈≈≈≈♣♣♣♣.♣≈.≈.#
♣≈≈≈≈...≈.≈≈≈§≈≈i♣♣♣♣♣♣♣♣≈.♣#
♣≈.^≈≈.≈≈≈≈.≈≈≈≈≈♣♣.≈♣♣♣♣≈♣#
..≈≈≈≈≈≈≈...≈≈≈§)[....≈♣≈.♣
≈§≈≈≈..≈≈≈§≈≈≈≈≈D).≈†≈≈.≈♣#
≈≈≈≈≈≈≈≈≈≈..≈≈≈≈.♣≈.≈≈≈≈≈♣#


You could see an eight-headed hydra (strong), a seven-headed hydra and a
spriggan.

Vanquished Creatures
  A tentacled monstrosity (Swamp:4)
  Rupert (Lair:5)
  Jorgrun (D:14)
  A thorn hunter (Swamp:3)
  Donald (Swamp:2)
  An orc warlord (D:12)
  Aizul (Swamp:3)
  Louise (Swamp:1)
  The ghost of Kinoniko the Bludgeoner, a journeyman DsBe of Trog (Orc:1)
  7 bunyips
  Snorg (Lair:4)
  2 eleionomae
  Josephine (D:13)
  2 fire dragons
  A shambling mangrove (Swamp:2)
  17 hydras
  A great orb of eyes (D:14)
  2 boulder beetles (D:14)
  3 catoblepae
  3 ghost crabs
  Harold (Lair:1)
  6 vault guards (D:14)
  2 death knights
  3 two-headed ogres
  Erica (Orc:1)
  8 alligators
  2 centaur warriors
  A tengu warrior (D:13)
  3 orc high priests
  5 death yaks (Lair:5)
  Urug (Orc:1)
  Nergalle (D:12)
  7 spriggans
  7 goliath frogs
  19 skeletal warriors
  2 spriggan druids
  5 swamp dragons
  2 bog bodies
  A sea snake (shapeshifter) (D:14)
  A deep elf archer (D:14)
  4 deep elf pyromancers
  A necromancer (D:15)
  A wizard (D:14)
  5 ugly things
  A mana viper (shapeshifter) (D:14)
  A wolf spider (D:14)
  6 orc knights
  5 orc sorcerers
  2 cyclopes
  3 manticores
  2 will-o-the-wisps
  A guardian serpent (Lair:6)
  7 elephants
  2 naga magi (D:15)
  A torpor snail (Lair:6)
  14 black mambas
  2 gargoyles
  14 cane toads
  An unseen horror (D:12)
  15 komodo dragons
  2 freezing wraiths
  5 kobold demonologists
  A redback zombie (D:15)
  2 tengu conjurers
  4 meliai
  5 trolls
  Prince Ribbit (D:7)
  13 hornets
  5 tyrant leeches
  A hornet (shapeshifter) (D:15)
  3 slime creatures
  21 blink frogs
  A meliai zombie (D:11)
  7 dream sheep (Lair:6)
  A large abomination (Abyss:1)
  3 centaur simulacra
  A redback (Lair:6)
  5 wraiths
  A human (shapeshifter) (D:14)
  3 shadows
  4 vampires (D:12)
  34 yaks
  26 vampire mosquitoes
  13 wyverns
  3 steam dragons
  11 basilisks
  2 wargs (Orc:2)
  Menkaure (D:6)
  A naga (Lair:2)
  2 acid dragons (D:11)
  10 swamp worms
  23 water moccasins
  19 orc warriors
  7 swamp drakes (Swamp:4)
  A hornet zombie (D:15)
  3 ogres
  16 wolves
  3 centaurs
  A phantom (D:6)
  6 bullfrogs
  2 scorpions (D:5)
  2 two-headed ogre simulacra (D:13)
  12 kobold brigands
  A hornet simulacrum (D:15)
  3 killer bees (D:9)
  An elephant simulacrum (D:13)
  4 wights
  8 howler monkeys
  3 hounds
  4 jellies
  A bullfrog zombie (D:6)
  12 orc priests
  4 centaur zombies
  2 bullfrog skeletons
  2 centaur skeletons
  Jessica (D:2)
  9 hell rats
  20 orc wizards
  2 iguanas
  A spectral orc (Orc:1)
  A spriggan simulacrum (D:13)
  3 troll simulacra
  A polar bear simulacrum (D:13)
  A killer bee zombie (D:9)
  A wolf simulacrum (D:13)
  A hound skeleton (D:4)
  5 gnolls
  6 adders
  3 ogre simulacra (Orc:1)
  A white imp (D:8)
  An adder skeleton (D:4)
  6 worms
  75 orcs
  2 ball pythons
  3 bats
  3 endoplasms
  2 giant cockroaches
  18 goblins
  12 hobgoblins
  2 quokkas
  3 frilled lizards
  28 kobolds
  4 rats
  6 briar patches (Swamp:3)
768 creatures vanquished.

Vanquished Creatures (collateral kills)
  2 vault guards (D:14)
  2 hydras (Lair:5)
  Sonja (D:13)
  A lindwurm (Lair:5)
  5 elephants (Lair:5)
  3 hell rats (Lair:5)
14 creatures vanquished.

Vanquished Creatures (others)
  An ugly thing (D:12)
  A deep elf pyromancer (D:12)
  2 komodo dragons (D:12)
  An unseen horror (D:12)
  A troll (D:12)
  2 bloated husks
  A slime creature (D:12)
  A spriggan (Swamp:4)
  An orc warrior (D:12)
  An orc priest (Orc:2)
  2 orc wizards
  8 foxfires
  49 fungi
  84 plants
155 creatures vanquished.

Grand Total: 937 creatures vanquished

Notes
Turn   | Place    | Note
-------+----------+-------------------------------------------
     0 | D:1      | CuBeRJAN3 the Minotaur Fighter began the quest for the Orb.
     0 | D:1      | Reached XP level 1. HP: 19/19 MP: 0/0
   335 | D:1      | Reached XP level 2. HP: 24/27 MP: 1/1
   744 | D:1      | Found a faded altar of an unknown god.
   804 | D:1      | Reached XP level 3. HP: 33/33 MP: 2/2
  1129 | D:2      | Found Ceeroj's Antique Armour Shop.
  1237 | D:2      | Found Beululiala's Distillery.
  1282 | D:2      | Bought a potion of heal wounds for 55 gold pieces
  1296 | D:2      | Found Qeyniut's Antique Weapon Shoppe.
  1298 | D:2      | Found Gewn's Assorted Antiques.
  1381 | D:2      | Noticed Jessica
  1394 | D:2      | Killed Jessica
  1395 | D:2      | Reached XP level 4. HP: 22/41 MP: 3/3
  1582 | D:2      | Found Nustin's Book Emporium.
  1832 | D:3      | Found a transporter.
  1834 | D:3      | Found a transporter.
  2560 | D:4      | Reached skill level 5 in Fighting
  2560 | D:4      | Reached XP level 5. HP: 37/48 MP: 4/4
  2860 | D:4      | Identified the +0 ring mail "Joiceony" {rF+ rC- Str+8
                  | Int-2}
  3032 | D:4      | Identified the +1 cloak of Moqoatuc {Stlth+}
  3203 | D:4      | Reached XP level 6. HP: 53/56 MP: 5/5
  3368 | D:5      | Entered Level 5 of the Dungeon
  3387 | D:5      | Found a white marble altar of Elyvilon.
  3387 | D:5      | Noticed a sky beast
  3413 | D:5      | Reached skill level 5 in Axes
  3570 | D:5      | Reached skill level 5 in Armour
  3688 | D:5      | Reached skill level 5 in Shields
  3716 | D:5      | Reached XP level 7. HP: 62/64 MP: 6/6
  3907 | D:5      | Found Xefyomics's Self-Improvement Boutique.
  4078 | D:5      | Noticed Sigmund
  4105 | D:6      | Found a staircase to the Ecumenical Temple.
  4115 | Temple   | Entered the Ecumenical Temple
  4234 | Temple   | Became a worshipper of Trog the Wrathful
  4269 | D:6      | Noticed Menkaure
  4276 | D:6      | Killed Menkaure
  4550 | D:6      | Found a hazy altar of Hepliaklqana.
  4574 | D:6      | Reached XP level 8. HP: 63/73 MP: 7/7
  5026 | D:6      | Reached * piety under Trog
  5450 | D:7      | Reached ** piety under Trog
  5452 | D:7      | Noticed Prince Ribbit
  5657 | D:7      | Killed Prince Ribbit
  5658 | D:7      | Reached XP level 9. HP: 41/83 MP: 8/8
  6077 | D:7      | Identified the amulet of Eruekad {rF+ Regen+ Slay+2}
  6582 | D:8      | Found a burning altar of Makhleb.
  7216 | D:9      | Found a runed translucent gate.
  7216 | D:9      | Found a runed translucent gate.
  7216 | D:9      | Found a runed translucent gate.
  7217 | D:9      | Noticed a purple ugly thing
  7217 | D:9      | Noticed a green ugly thing
  7217 | D:9      | Noticed a cyan ugly thing
  7218 | D:9      | Noticed a white ugly thing
  7219 | D:9      | Noticed a white ugly thing
  7220 | D:9      | Noticed a glowing orange brain
  7265 | D:9      | Noticed Maurice
  7291 | D:8      | Reached skill level 10 in Fighting
  7535 | D:9      | Reached skill level 10 in Axes
  7564 | D:9      | Reached *** piety under Trog
  7575 | D:9      | Reached XP level 10. HP: 94/94 MP: 9/9
  7605 | D:9      | Noticed a two-headed ogre
  7874 | D:9      | Found an iron altar of Okawaru.
  7875 | D:9      | Found a staircase to the Lair.
  8111 | D:9      | Killed a two-headed ogre
  8112 | D:9      | Reached skill level 1 in Evocations
  8469 | D:10     | Entered Level 10 of the Dungeon
  8841 | D:10     | Found a sparkling altar of Nemelex Xobeh.
  9409 | D:11     | Reached XP level 11. HP: 95/104 MP: 10/10
  9890 | Lair:1   | Entered Level 1 of the Lair of Beasts
 10013 | Lair:1   | Reached **** piety under Trog
 10412 | Lair:1   | Noticed Harold
 10419 | Lair:1   | Killed Harold
 10790 | Lair:1   | Reached skill level 10 in Shields
 10827 | Lair:1   | Noticed a four-headed hydra
 11146 | Lair:2   | Found a transporter.
 11152 | Lair:2   | Noticed a spriggan rider
 11156 | Lair:2   | Found a transporter.
 11161 | Lair:2   | Noticed a spriggan rider
 11235 | Lair:2   | Found a bloodstained altar of Trog.
 11235 | Lair:2   | Noticed Isuntao's ghost (journeyman TeAE)
 11339 | Lair:2   | Found a staircase to the Snake Pit.
 11392 | Lair:2   | Reached skill level 10 in Armour
 11397 | Lair:2   | Reached XP level 12. HP: 66/115 MP: 11/11
 11461 | Lair:2   | Found a staircase to the Swamp.
 12230 | Lair:3   | Reached ***** piety under Trog
 12612 | Lair:3   | Reached skill level 5 in Evocations
 12859 | Lair:4   | Noticed a catoblepas
 12868 | Lair:4   | Killed a catoblepas
 13180 | Lair:4   | Noticed Snorg
 13192 | Lair:4   | Killed Snorg
 13862 | Lair:5   | Identified the +9 broad axe of Sudden Death {vorpal, Will+
                  | Str-5 Dex+3 Stlth+} (Trog gifted it to you on level 5 of
                  | the Lair of Beasts)
 13862 | Lair:5   | Received a gift from Trog
 13866 | Lair:5   | Reached XP level 13. HP: 92/125 MP: 12/12
 14086 | Lair:5   | Found a viscous altar of Jiyva.
 14086 | Lair:5   | Found a staircase to the Slime Pits.
 14696 | Lair:6   | Entered Level 6 of the Lair of Beasts
 14734 | Lair:5   | Reached skill level 15 in Fighting
 15015 | Lair:5   | Reached skill level 15 in Axes
 15526 | Lair:6   | Noticed Rupert
 15553 | Lair:5   | Killed Rupert
 15554 | Lair:5   | Reached XP level 14. HP: 60/136 MP: 13/13
 16339 | Lair:6   | Paralysed by a hornet for 3 turns
 16790 | D:12     | Found a flagged portal.
 17042 | D:12     | Found a shimmering altar of Xom.
 17359 | D:12     | Found a staircase to the Orcish Mines.
 17549 | D:12     | Received a gift from Trog
 17805 | Orc:1    | Entered Level 1 of the Orcish Mines
 17818 | Orc:1    | Noticed an orc warlord
 17841 | D:12     | Killed an orc warlord
 18002 | Orc:1    | Noticed Nergalle
 18022 | D:12     | Killed Nergalle
 18082 | Orc:1    | Found a runed translucent gate.
 18083 | Orc:1    | Found a runed translucent gate.
 18083 | Orc:1    | Found a runed translucent gate.
 18151 | Orc:1    | Noticed Urug
 18159 | Orc:1    | Killed Urug
 18187 | Orc:1    | Noticed Erica
 18201 | Orc:1    | Killed Erica
 18393 | Orc:1    | Noticed Kinoniko's ghost (journeyman DsBe)
 18447 | Orc:1    | Killed Kinoniko's ghost
 18547 | Orc:2    | Entered Level 2 of the Orcish Mines
 18846 | Orc:2    | Found a staircase to the Elven Halls.
 18874 | Orc:2    | Found Deuceaph's Armour Boutique.
 18905 | Orc:2    | Received a gift from Trog
 19087 | Orc:2    | Gained mutation: You tend to lose your temper in combat. [a
                  | neqoxec]
 19536 | Orc:2    | Found Leucue's Armour Emporium.
 19542 | Orc:2    | Bought the +6 plate armour of Kyclepp {Harm Will+} for 787
                  | gold pieces
 19552 | Orc:2    | Found Bogobrel's Jewellery Emporium.
 19555 | Orc:2    | Found Qeasch's Book Boutique.
 19754 | D:13     | Noticed Josephine
 19768 | D:13     | Killed Josephine
 19778 | D:13     | Noticed Sonja
 19782 | D:13     | Cast into level 1 of the Abyss (Sonja)
 19899 | Abyss:1  | Noticed a lich
 19914 | D:13     | Escaped the Abyss
 19928 | D:13     | Killed Sonja
 19929 | D:13     | Reached XP level 15. HP: 122/147 MP: 14/14
 20991 | D:14     | Noticed Jorgrun
 21077 | D:14     | Killed Jorgrun
 21496 | D:14     | Found a gate to the Vaults.
 22012 | D:15     | Entered Level 15 of the Dungeon
 22457 | D:15     | Received a gift from Trog
 22468 | D:15     | Reached XP level 16. HP: 130/159 MP: 15/15
 22517 | D:15     | Noticed Roxanne
 22706 | D:15     | Found a staircase to the Depths.
 23837 | Swamp:1  | Entered Level 1 of the Swamp
 24216 | Snake:1  | Entered Level 1 of the Snake Pit
 24726 | Swamp:2  | Noticed Louise
 24766 | Swamp:1  | Killed Louise
 25601 | Swamp:2  | Noticed Donald
 25614 | Swamp:2  | Killed Donald
 25729 | Swamp:3  | Reached ****** piety under Trog
 25897 | Swamp:3  | Noticed Aizul
 25913 | Swamp:3  | Killed Aizul
 25965 | Swamp:3  | Identified the +6 scale mail of Qaem {Will+}
 25977 | Swamp:3  | Received a gift from Trog
 26025 | Swamp:3  | Identified the ring "Kadd" {Ice Str+3}
 26046 | Swamp:3  | Noticed a thorn hunter
 26056 | Swamp:3  | Killed a thorn hunter
 26345 | Swamp:3  | Reached XP level 17. HP: 164/168 MP: 16/16
 26598 | Swamp:4  | Entered Level 4 of the Swamp
 26601 | Swamp:4  | Noticed a tentacled monstrosity
 26619 | Swamp:4  | Killed a tentacled monstrosity
 26721 | Swamp:4  | Reached skill level 15 in Shields
 26908 | Swamp:4  | HP: 1/170 [eight-headed hydra (18)]
 26910 | Swamp:4  | Mangled by a seven-headed hydra

Illustrated notes

Levels and vault maps discovered:
D:1:      giann_bridges, layout_basic, hellmonk_ecumenical_altar_heavens_door,
          minmay_tetromino_t2
D:2:      layout_rooms, serial_shops, shop, shop, nicolae_shop_crystal, shop,
          shop_fountains, uniq_jessica
D:3:      gammafunk_wand_slinger, layout_basic, serial_glass, glass_columns_b,
          glass_columns_b, minmay_goblin_outpost
D:4:      layout_loops_ring
D:5:      layout_loops_ring, pdpol_wu_jian_five_deadly_venoms,
          kennysheep_little_box, nicolae_shop_self_help, uniq_sigmund
D:6:      layout_loops_ring, mainiacjoe_overflow_24_doors,
          minmay_temple_entry_gardened_gates, uniq_menkaure
D:7:      layout_rooms, hangedman_decor_riveting, uniq_prince_ribbit1
D:8:      layout_loops_ring, mainiacjoe_overflow_paths
D:9:      layout_basic, mainiacjoe_overflow_brackets, lair_entry_dummy,
          ploomutoo_gammafunk_ghost_potion_laboratory, special_room
          [special_room_kobold], uniq_maurice
D:10:     layout_gridville, kennysheep_mini
D:11:     layout_roguey
D:12:     layout_roguey, hiddenorc1_lemuel, enter_bailey_5, xom_confusion_cloud
D:13:     layout_cave_pods, portal_ice_cave_entry_ice_simulacra,
          minmay_alternating_orb, uniq_josephine, uniq_sonja
D:14:     minmay_triangles_in_corner, layout_loops_ring, erik_vaults_2,
          serial_bayou_shore_b, uniq_jorgrun
D:15:     grunt_enter_depths_magical_seal, layout_loops_ring, uniq_roxanne
Temple:   eino_temple_scatter_basement
Lair:1:   cheibrodos_lair_river_kwai, layout_regular_city, uniq_harold
Lair:2:   layout_long_grid, swamp_mist, minmay_snake_entry_guardpost_small,
          gammafunk_ghost_wrathful_warriors
Lair:3:   layout_regular_city, serial_bayou_crossing
Lair:4:   layout_regular_city, uniq_snorg
Lair:5:   layout_big_grid, slime_altar_1, grunt_megastairs_4
Lair:6:   hangedman_lair_tendril_chambers, layout_loops_ring, pond, uniq_rupert
Swamp:1:  layout_basic_swamp, nicolae_swamp_ascending_descending
Swamp:2:  layout_basic_swamp, nicolae_swamp_fairy_circle, swamp_pool5,
          nicolae_swamp_treefoil, nicolae_swamp_catching_bugs, uniq_louise,
          uniq_donald
Swamp:3:  layout_basic_swamp, evilmike_swamp_ruin_rubble_2, uniq_aizul
Swamp:4:  swamp, layout_basic_swamp
Snake:1:  layout_gridlike, nicolae_snake_gridmaze_tees, serial_bayou_shore_b
Orc:1:    layout_caves, gammafunk_ghost_necromancy, uniq_erica, uniq_urug,
          uniq_nergalle
Orc:2:    st_orc_elflike, layout_diamond_mine

Skill      XL: |  1  2  3  4  5  6  7  8  9 10 11 12 13 14 15 16 17 |
---------------+----------------------------------------------------+-----
Fighting       | 4 5 6 7 9 10 11 13 14 15 17 18 19 | 19.8
Axes           | 3 4 5 6 8 10 11 13 14 15 17 18 19 | 19.8
Armour         | 4 5 6 7 9 10 11 12 13 14 | 14.9
Shields        | 4 5 6 7 9 10 11 12 13 14 15 | 15.0
Evocations     | 2 4 5 6 7 |  7.1

Action                   |  1- 3 |  4- 6 |  7- 9 | 10-12 | 13-15 | 16-18 || total
-------------------------+-------+-------+-------+-------+-------+-------++-------
Melee: War axe           |    68 |   133 |   200 |   441 |   944 |   419 ||  2205
       Headbutt          |     7 |    25 |    53 |   154 |   386 |   157 ||   782
       Hand axe          |       |       |       |       |    48 |       ||    48
Invok: Trog's Hand       |       |       |       |     1 |    13 |     4 ||    18
       Berserk           |       |       |       |     1 |     4 |     1 ||     6
       Brothers in Arms  |       |       |       |       |     7 |     1 ||     8
  Use: Scroll            |       |     4 |     7 |     3 |    19 |     2 ||    35
       Potion            |       |       |     1 |     2 |     5 |       ||     8
 Stab: Sleeping          |       |       |     1 |       |       |       ||     1
       Distracted        |       |       |       |       |     2 |       ||     2
Armor: Scale mail        |    31 |    35 |       |       |       |       ||    66
       Ring mail         |       |    21 |    67 |       |       |       ||    88
       Plate armour      |       |       |       |   245 |   565 |   348 ||  1158
       Acid dragon scale |       |       |       |     2 |       |       ||     2
Dodge: Dodged            |    11 |    36 |    63 |    95 |   221 |   124 ||   550
Block: Kite shield       |    29 |    68 |   137 |   302 |   700 |   397 ||  1633
